 Dungeon Crawl Stone Soup version 0.29.1-2-gbd0b4ee654 (webtiles) character file.

Game seed: 2062140024539848508

144 HolyTactitian the Conjurer (level 5, -2/36 HPs)
             Began as a Human Conjurer on Nov 7, 2022.
             Slain by a quasit (3 damage)
             ... summoned by Xom
             ... on level 2 of the Dungeon.
             The game lasted 00:29:25 (2526 turns).

HolyTactitian the Conjurer (Human Conjurer)         Turns: 2526, Time: 00:29:28

Health: -2/36      AC:  2    Str:  7      XL:     5   Next: 51%
Magic:  2/8        EV: 11    Int: 21      God:
Gold:   77         SH:  2    Dex:  6 (11) Spells: 2/9 levels left

rFire   . . .      SeeInvis .   d - +1 dagger (drain)
rCold   . . .      Faith    .   h - +0 buckler
rNeg    . . .      Spirit   .   a - +0 robe
rPois   .          Reflect  .   (no helmet)
rElec   .          Harm     .   (no cloak)
rCorr   .          Rampage  .   (no gloves)
Will    .....                   (no boots)
Stlth   ++........              (no amulet)
HPRegen 0.12/turn               (no ring)
MPRegen 0.11/turn               (no ring)

@: no status effects
A: no striking features
a: no special abilities


You were on level 2 of the Dungeon.
You visited 1 branch of the dungeon, and saw 2 of its levels.

You collected 77 gold pieces.

Inventory:

Hand Weapons
 c - a +0 hand axe
 d - a +1 dagger of draining (weapon)
Missiles
 g - 3 poisoned darts
Armour
 a - a +0 robe (worn)
 h - a +0 buckler (worn)
Wands
 e - a wand of polymorph (5)
Scrolls
 i - 2 scrolls of poison
 j - a scroll of teleportation {unknown}
Potions
 b - a potion of magic
 f - 2 potions of flight {unknown}


   Skills:
 + Level 0.7 Fighting
 + Level 0.1 Axes
 + Level 3.1 Dodging
 + Level 2.5 Stealth
 + Level 2.5 Spellcasting
 + Level 5.1 Conjurations


You had 2 spell levels left.
You knew the following spells:

 Your Spells              Type           Power      Damage    Failure   Level
a - Magic Dart            Conj           96%        1d7       2%          1
b - Searing Ray           Conj           48%        2d6       3%          2
c - Sandblast             Erth           4%         2d4       19%         1
d - Stone Arrow           Conj/Erth      26%        3d8       21%         3

Your spell library contained the following spells:

 Spells                   Type           Power      Damage    Failure   Level
 Passwall                 Tmut/Erth      1%         N/A       28%         2
 Dazzling Flash           Conj/Hex       26%        N/A       21%         3
 Teleport Other           Tloc           2%         N/A       50%         3
 Fulminant Prism          Conj/Hex       6%         3d7       54%         4
 Iskenderun's Mystic Bla  Conj/Tloc      13%        2d5       54%         4
 Malign Gateway           Summ/Tloc      1%         N/A       100%        7
 Disjunction              Tloc           1%         N/A       100%        8


Dungeon Overview and Level Annotations

Branches:
Dungeon (2/15)

Altars:
Xom

Shops:
D:1 *


Message History

The quasit claws you.
You feel clumsy. You block the quasit's attack. The quasit bites you.
The quasit claws you. The quasit misses you. The shadow imp gestures at you.
Pain shoots through your body!
The searing ray hits the quasit!
The quasit is almost dead.
The searing ray hits the crimson imp.
You kill the crimson imp!
The crimson imp disappears in a puff of smoke!
The quasit bites you. The quasit completely misses you.
The quasit closely misses you. The quasit bites you.
You feel clumsy. The quasit claws you.
You feel clumsy. The quasit claws you.
* * * LOW HITPOINT WARNING * * *
You feel clumsy. The quasit bites you.
* * * LOW HITPOINT WARNING * * *
The quasit barely misses you. The quasit closely misses you.
The iron imp hits you!
* * * LOW HITPOINT WARNING * * *
You block the quasit's attack.
The quasit claws you but does no damage.
The quasit closely misses you. The quasit completely misses you.
The quasit claws you but does no damage.
The quasit closely misses you.
The quasit bites you but does no damage.
The quasit completely misses you. The quasit closely misses you.
The shadow imp closely misses you.
The searing ray hits the quasit.
You kill the quasit!
The quasit disappears in a puff of smoke!
The searing ray hits the iron imp but does no damage.
The iron imp is lightly wounded.
You finish channelling your searing ray.
The quasit bites you.
You die...

#.....##....#.#.#.#...#.#<.......
###....'..........#...#.#.#######
....####......#.#.#...#.#.# ....#
##.##..#.#.#...#.#.# ....#
.##..#.#.#...#.### ....#
.##..#.#.#.....######## ........
..#..#5#.#...†........#
############..#5#5#.###.######.#
..............55@5..# #.# #
......######..#§#######.#
...............5........#
......#.####.##..######.#
..).....# #.##..# #.# ...†....#
#.##..# #.# ###.....# #.##.....#
#.# ........# #.###.##.# #.#
....##### #.# # #.#


You could see 2 iron imps, 2 quasits, a crimson imp (summoned) and 2 shadow
imps.

Vanquished Creatures
  Natasha (thrice) (D:2)
  2 adders (D:2)
  A worm (D:2)
  3 dart slugs
  3 endoplasms
  3 giant cockroaches (D:1)
  5 hobgoblins
  2 quokkas
  3 ball pythons
  7 bats
  4 goblins
  5 kobolds
  3 rats (D:1)
44 creatures vanquished.

Notes
Turn   | Place    | Note
-------+----------+-------------------------------------------
     0 | D:1      | HolyTactitian the Human Conjurer began the quest for the
                  | Orb.
     0 | D:1      | Reached XP level 1. HP: 13/13 MP: 3/3
   534 | D:1      | Reached XP level 2. HP: 19/19 MP: 3/5
   605 | D:1      | Learned a level 2 spell: Searing Ray
   607 | D:1      | Learned a level 1 spell: Sandblast
   730 | D:1      | Found Wyijeh's General Store.
  1016 | D:1      | Reached XP level 3. HP: 24/24 MP: 4/6
  1520 | D:2      | Noticed Natasha
  1532 | D:2      | Killed Natasha
  1533 | D:2      | Reached XP level 4. HP: 30/30 MP: 7/7
  1661 | D:2      | Noticed Natasha
  1667 | D:2      | Killed Natasha
  1668 | D:2      | Reached skill level 5 in Conjurations
  1744 | D:2      | Noticed Natasha
  1754 | D:2      | Killed Natasha
  1755 | D:2      | Reached XP level 5. HP: 26/36 MP: 5/8
  2214 | D:2      | Got Nangom's Lectures on the Wayfarer
  2219 | D:2      | Learned a level 3 spell: Stone Arrow
  2420 | D:2      | Found a faded altar of an unknown god.
  2434 | D:2      | Prayed at the altar of an unknown god.
  2434 | D:2      | Became a worshipper of Xom of Chaos
  2440 | D:2      | Fell from the grace of Xom
  2520 | D:2      | XOM: summons 9 hostile demons
  2525 | D:2      | HP: 1/36 [iron imp[Xom] (7)]
  2526 | D:2      | Slain by a quasit

Illustrated notes

Levels and vault maps discovered:
D:1:      heliophobic_arrival_henge, layout_loops_corners, serial_shops,
          nicolae_lakefront_shop, amethyst_killhole, st_stairs_13,
          minmay_misc_feat_secret_circle, minmay_misc_feat_enclosed
D:2:      layout_basic, chequers_ecumenical_altar_island,
          uniq_crazy_yiuf_cottage, uniq_natasha

Skill      XL: |  1  2  3  4  5 |
---------------+----------------+-----
Conjurations   | 5 |  5.1
Dodging        | 3 |  3.1
Fighting       | |  0.7
Axes           | |  0.1
Stealth        | |  2.5
Spellcasting   | |  2.5

Action                   |  1- 3 |  4- 6 || total
-------------------------+-------+-------++-------
Melee: Hand axe          |    15 |       ||    15
       Dagger            |    21 |    19 ||    40
       Unarmed           |     6 |     2 ||     8
 Cast: Magic Dart        |    34 |    30 ||    64
       Searing Ray       |       |     3 ||     3
       Sandblast         |       |     2 ||     2
Invok: Renounce Religion |       |     1 ||     1
Evoke: Wand              |       |     1 ||     1
  Use: Scroll            |     3 |       ||     3
       Potion            |     2 |       ||     2
Armor: Robe              |     9 |     9 ||    18
       Skin              |     1 |       ||     1
Dodge: Dodged            |    35 |    39 ||    74
Block: Buckler           |       |     3 ||     3
